 Dungeon Crawl Stone Soup version 0.25-a0-545-ge4db218afc (webtiles) character file.

Game seed: 11747785745487119949, levelgen mode: deterministic

436 Forecaster the Magician (level 7, 0/57 HPs)
             Began as a Naga Wizard on Feb 21, 2020.
             Was an Initiate of Jiyva.
             Slain by a centaur
             ... wielding a cursed -3 shortbow
              (4 damage)
             ... on level 5 of the Dungeon.
             The game lasted 00:31:19 (4359 turns).

Forecaster the Magician (Naga Wizard)               Turns: 4359, Time: 00:31:20

Health: 0/57       AC:  5    Str:  9    XL:     7   Next: 1%
Magic:  8/14       EV:  9    Int: 19    God:    Jiyva [......]
Gold:   165        SH:  0    Dex: 11    Spells: 10/15 levels left

rFire    . . .     SeeInvis +   c - +1 scythe
rCold    . . .     Gourm    .   (shield currently unavailable)
rNeg     . . .     Faith    .   y - +0 leather armour
rPois    +         Spirit   .   b - +0 hat
rElec    .         Reflect  .   (no cloak)
rCorr    .         Harm     .   B - +0 pair of gloves
MR       .....                  (no barding)
Stlth    ++........             (no amulet)
HPRegen  0.19/turn              (no ring)
MPRegen  0.14/turn              (no ring)

@: very slow
A: large, see invisible, deformed body, poison resistance, slowness 2, slow
metabolism 1, spit poison 1, AC +2
a: Spit Poison, Renounce Religion


You were on level 5 of the Dungeon.
You worshipped Jiyva.
Jiyva was noncommittal.
You were hungry.

You visited 2 branches of the dungeon, and saw 6 of its levels.

You collected 165 gold pieces.

Inventory:

Hand Weapons
 c - a +1 scythe (weapon)
 l - a +0 dagger
 r - a +0 whip
 s - a +2 spear of venom
 w - a cursed -1 rapier
Missiles
 i - 79 stones (quivered)
 j - 41 bolts
 m - 18 arrows
 D - 14 poisoned darts
Armour
 b - a +0 hat (worn)
 g - a +2 ring mail of cold resistance
 y - a +0 leather armour (worn)
 B - a +0 pair of gloves (worn)
Wands
 C - a wand of random effects (22)
Scrolls
 f - 3 scrolls of identify
 n - a scroll of remove curse
 q - 2 scrolls of noise {unknown}
 t - a scroll of fear {unknown}
 u - 3 scrolls of teleportation {unknown}
 E - a scroll of enchant armour {unknown}
Potions
 A - a potion of cancellation
Comestibles
 d - 7 rations


   Skills:
 + Level 1.2 Fighting
 + Level 0.2 Short Blades
 + Level 1.4 Polearms
 + Level 1.8 Armour
 + Level 2.3 Dodging
 + Level 3.6 Stealth
 + Level 4.8 Spellcasting
 + Level 1.9 Conjurations
 + Level 2.9 Summonings
 + Level 1.0 Translocations


You had 10 spell levels left.
You knew the following spells:

 Your Spells              Type           Power        Failure   Level  Hunger
a - Magic Dart            Conj           ##..         8%          1    None
b - Call Imp              Summ           ###.....     8%          2    #......
c - Blink                 Tloc           N/A          17%         2    #......

Your spell library contained the following spells:

 Spells                   Type           Power        Failure   Level  Hunger
 Slow                     Hex            #.......     26%         2    #......
 Conjure Flame            Conj/Fire      #.......     34%         3    ##.....
 Mephitic Cloud           Conj/Pois/Air  #.......     38%         3    ##.....


Dungeon Overview and Level Annotations

Branches:
Dungeon (5/15)             Temple (1/1) D:4

Altars:
Ashenzari
Cheibriados
Dithmenos
Fedhas
Hepliaklqana
Kikubaaqudgha
Nemelex Xobeh
Qazlal
Ru
Trog
Wu Jian
Xom
Yredelemnul
Jiyva


Innate Abilities, Weirdness & Mutations

You cannot wear boots.
Your serpentine skin is tough. (AC +2)
You have supernaturally acute eyesight. (SInv)
Armour fits poorly on your strangely shaped body.
Your system is resistant to poisons. (rPois)
You cover ground very slowly.
You have a slow metabolism.
You can spit poison.


Message History

Casting: Magic Dart (safe; 8% risk of failure)
Confirm with . or Enter, or press ? or * to list all spells.
Aiming: Magic Dart (safe; 8% risk of failure)
Press: ? - help, Shift-Dir - straight line, f/p - centaur
Aim: a centaur, wielding a -3 shortbow and quivering 3 arrows (moderately wounded)
The magic dart hits the centaur.
The centaur is heavily wounded.
The centaur shoots an arrow.
The arrow hits you!
* * * LOW HITPOINT WARNING * * *
The centaur shoots an arrow.
The arrow hits you.
* * * LOW HITPOINT WARNING * * *
You see here an arrow.
The centaur shoots an arrow.
The arrow hits you!
* * * LOW HITPOINT WARNING * * *
You see here an arrow.
You hit the centaur.
The centaur is severely wounded.
The centaur closely misses you. The centaur barely misses you.
The centaur hits you with a cursed -3 shortbow.
You die...

.. #..# .
#.####..#.##. .
....#..#.#.. ..
..(...#.#.# # #
.##.#..#.#.##.#
..
......#.#....#
###.##.#..#.#<#
....((((.(..#.#
..##c@(.....#
##########


You could see a centaur.

Vanquished Creatures
  Grinder (D:4)
  Sigmund (D:3)
  Jessica (D:3)
  An orc wizard (D:4)
  A worker ant (D:4)
  4 adders
  An ooze (D:2)
  A worm (D:3)
  A dart slug (D:1)
  3 leopard geckos
  2 orcs (D:4)
  A ball python (D:1)
  3 bats
  A giant cockroach (D:3)
  7 goblins
  3 hobgoblins (D:1)
  A jackal (D:2)
  4 kobolds
  4 frilled lizards
  6 rats
47 creatures vanquished.

Vanquished Creatures (collateral kills)
  A worker ant (D:4)
  3 adders (D:3)
  An ooze (D:1)
  2 worms
  2 dart slugs
  6 orcs
  A giant cockroach (D:1)
  3 goblins
  2 hobgoblins (D:1)
  3 jackals (D:2)
  A bat (D:3)
25 creatures vanquished.

Vanquished Creatures (others)
  A jelly (D:4)
  A giant cockroach (D:4)
2 creatures vanquished.

Grand Total: 74 creatures vanquished

Notes
Turn   | Place    | Note
-------+----------+-------------------------------------------
     0 | D:1      | Forecaster the Naga Wizard began the quest for the Orb.
     0 | D:1      | Reached XP level 1. HP: 15/15 MP: 4/4
   243 | D:1      | Reached XP level 2. HP: 9/22 MP: 3/6
   248 | D:1      | Learned a level 2 spell: Call Imp
   251 | D:1      | Learned a level 2 spell: Blink
   872 | D:1      | Found an ornate altar of the Wu Jian Council.
   874 | D:1      | Reached XP level 3. HP: 28/28 MP: 5/8
   876 | D:1      | Found a shimmering altar of Xom.
   876 | D:1      | Found a white marble altar of Elyvilon.
   880 | D:1      | Found a glowing silver altar of Zin.
   880 | D:1      | Found a shimmering altar of Xom.
   880 | D:1      | Found an ancient bone altar of Kikubaaqudgha.
  1312 | D:2      | Found a shattered altar of Ashenzari.
  1544 | D:2      | Reached skill level 1 in Armour
  1577 | D:2      | Reached XP level 4. HP: 26/37 MP: 6/9
  1631 | D:2      | Found a sparkling altar of Nemelex Xobeh.
  1959 | D:2      | Found a sacrificial altar of Ru.
  2374 | D:3      | Reached skill level 4 in Spellcasting
  2778 | D:3      | Reached XP level 5. HP: 42/43 MP: 8/11
  2833 | D:3      | Noticed Sigmund
  2833 | D:3      | Noticed Jessica
  2918 | D:3      | Killed Jessica
  2974 | D:3      | Killed Sigmund
  2974 | D:3      | Reached skill level 1 in Polearms
  2974 | D:3      | Reached XP level 6. HP: 13/50 MP: 6/12
  3198 | D:4      | Reached skill level 1 in Fighting
  3221 | D:4      | HP: 2/51 [orc wizard/+0 dagger (1)]
  3466 | D:4      | Found a staircase to the Ecumenical Temple.
  3698 | Temple   | Entered the Ecumenical Temple
  3711 | Temple   | Became a worshipper of Jiyva Jisoogog the Shapeless
  4084 | D:4      | Noticed Grinder
  4131 | D:4      | Killed Grinder
  4131 | D:4      | Reached XP level 7. HP: 8/57 MP: 1/14
  4330 | D:5      | Entered Level 5 of the Dungeon
  4359 | D:5      | Slain by a centaur

Levels and vault maps discovered:
D:1:      wander_arrival_desolate, layout_loops_ring,
          minmay_misc_feat_nine_boxes, doesnt_xom_only_xom
D:2:      layout_rooms, lemuel_coloured_pillars_altar, lemuel_doored_altar,
          nemelex_xobeh_ov_fountains_minmay, chequers_mini_garden
D:3:      layout_loops_corners, first_ration, nicolae_underground_beach,
          uniq_sigmund, uniq_jessica
D:4:      layout_basic, minmay_temple_entry_gardened_gates, st_stairs_8,
          uniq_grinder
D:5:      layout_basic, uniq_blork_the_orc
Temple:   pf_slime_end_temple

Skill      XL: |  1  2  3  4  5  6 |
---------------+-------------------+-----
Armour         | 1 |  1.8
Dodging        | 2 |  2.3
Spellcasting   | 4 |  4.8
Polearms       | 1 |  1.4
Summonings     | 2 |  2.9
Fighting       | 1 |  1.2
Short Blades   | |  0.2
Stealth        | |  3.6
Conjurations   | |  1.9
Translocations | |  1.0

Action                   |  1- 3 |  4- 6 |  7- 9 || total
-------------------------+-------+-------+-------++-------
Melee: Club              |    34 |       |       ||    34
       Dagger            |    59 |       |       ||    59
       Spear             |    21 |    27 |       ||    48
       Scythe            |       |    50 |     1 ||    51
 Cast: Magic Dart        |    41 |    41 |     3 ||    85
       Call Imp          |    11 |    28 |     3 ||    42
       Blink             |       |     1 |       ||     1
Evoke: Wand              |       |     1 |       ||     1
  Use: Potion            |       |     4 |       ||     4
       Scroll            |       |     3 |       ||     3
 Stab: Distracted        |     1 |     2 |       ||     3
       Sleeping          |     1 |       |       ||     1
  Eat: Chunk             |     2 |     7 |       ||     9
Armor: Ring mail         |    42 |       |       ||    42
       Robe              |     4 |     1 |       ||     5
       Leather armour    |       |    21 |       ||    21
Dodge: Dodged            |    62 |    59 |     5 ||   126

Table legend:
 A = Non-vault XP
 B = Vault XP
 C = Vault XP percentage of total XP
 D = Non-vault monster count
 E = Vault monster count
 F = Vault count percentage of total count
                 A         B        C        D         E       F
            +---------+---------+-------+---------+---------+-------
      Total |     288 |     336 |  53.8 |      69 |       3 |   4.2
            +---------+---------+-------+---------+---------+-------
        D:1 |      43 |       0 |   0.0 |      24 |       0 |   0.0
        D:2 |      71 |       0 |   0.0 |      20 |       0 |   0.0
        D:3 |      61 |     220 |  78.3 |      16 |       2 |  11.1
        D:4 |     113 |     116 |  50.7 |       9 |       1 |  10.0
            +---------+---------+-------+---------+---------+-------
